 Dungeon Crawl Stone Soup version 0.29.1-12-g30fa7ad0bf (webtiles) character file.

Game seed: 759036843223487354

355 wormed the Chopper (level 6, 0/56 HPs)
             Began as a Hill Orc Fighter on Dec 21, 2022.
             Was an Initiate of Okawaru.
             Killed by divine providence
             ... invoked by an orc priest
              (11 damage)
             ... on level 4 of the Dungeon.
             The game lasted 00:05:36 (3274 turns).

wormed the Chopper (Hill Orc Fighter)               Turns: 3274, Time: 00:05:37

Health: 0/56       AC:  9    Str: 21    XL:     6   Next: 63%
Magic:  6/6        EV:  7    Int:  8    God:    Okawaru [......]
Gold:   271        SH:  4    Dex: 10    Spells: 5/5 levels left

rFire   . . .      SeeInvis .   a - +0 war axe
rCold   . . .      Faith    .   c - +0 buckler
rNeg    . . .      Spirit   .   h - +0 chain mail
rPois   .          Reflect  .   s - +0 hat
rElec   .          Harm     .   (no cloak)
rCorr   .          Rampage  .   (no gloves)
Will    .....                   (no boots)
Stlth   ..........              (no amulet)
HPRegen 0.18/turn               (no ring)
MPRegen 0.10/turn               (no ring)

@: lit by a corona, glowing
A: no striking features
a: Renounce Religion, Convert to Beogh


You were on level 4 of the Dungeon.
You worshipped Okawaru.
Okawaru was noncommittal.
You visited 2 branches of the dungeon, and saw 5 of its levels.

You collected 271 gold pieces.

Inventory:

Hand Weapons
 a - a +0 war axe (weapon)
Armour
 c - a +0 buckler (worn)
 h - a +0 chain mail (worn)
 s - a +0 hat (worn)
Magical Staves
 b - a staff of conjuration
Jewellery
 t - a ring of fire
Wands
 u - a wand of mindburst (12)
Scrolls
 f - 2 scrolls of identify
 g - 5 scrolls of enchant armour
 k - a scroll of brand weapon {unknown}
 m - 2 scrolls of teleportation {unknown}
 q - a scroll of noise {unknown}
 r - a scroll of immolation {unknown}
Potions
 d - a potion of might
 e - a potion of magic {unknown}
 i - 2 potions of brilliance {unknown}
 j - a potion of degeneration {unknown}
 l - a potion of resistance {unknown}
 n - a potion of berserk rage {unknown}
 o - a potion of heal wounds {unknown}
 p - 2 potions of invisibility {unknown}


   Skills:
 + Level 5.0 Fighting
 * Level 6.0 Axes
 + Level 4.6 Armour
 + Level 4.5 Shields


You had 5 spell levels left.
You didn't know any spells.
Your spell library contained the following spells:

 Spells                   Type           Power      Damage    Failure   Level
 Static Discharge         Conj/Air       0%         3-3/arc   100%        2
 Portal Projectile        Hex/Tloc       0%         N/A       100%        3
 Dispel Undead            Necr           0%         3d6       100%        4
 Leda's Liquefaction      Hex/Erth       0%         N/A       100%        4
 Sticky Flame             Conj/Fire      0%         2d3       100%        4
 Call Canine Familiar     Summ           Unusable   N/A       N/A         3

Dungeon Overview and Level Annotations

Branches:
Dungeon (4/15)             Temple (1/1) D:4

Altars:
Cheibriados
Elyvilon
Fedhas
Gozag
Kikubaaqudgha
Makhleb
Nemelex Xobeh
Okawaru
Qazlal
Trog
Vehumet
Wu Jian
The Shining One

Annotations:
D:4 Dowan, Duvessa


Message History

You hit the orc.
The orc is severely wounded.
The orc hits you but does no damage.
The orc hits you from afar with a +0 trident.
You hit the orc.
The orc is almost dead.
You hit Dowan. The orc hits you with a +0 club.
Dowan says, "My weaknesses are her strengths!"
Dowan hits you but does no damage.
The orc hits you from afar with a +0 trident.
The orc barely misses you. x2; Dowan barely misses you.
You hit the orc.
You kill the orc!
Okawaru accepts your kill.
You hit Dowan.
The orc priest invokes the aid of Beogh against you.
Beogh smites you! Dowan hits you with a +0 dagger.
The orc hits you but does no damage.
You closely miss Dowan.
Dowan is moderately wounded.
You hit Duvessa but do no damage. Dowan casts a spell at you.
You are outlined in light.
The orc closely misses you. Duvessa hits you with a +0 short sword.
You hit Dowan but do no damage.
Dowan is moderately wounded.
You hit Duvessa.
Dowan points at you and mumbles some strange words.
The puff of flame hits you!
* * * LOW HITPOINT WARNING * * *
The orc hits you from afar with a +0 trident.
* * * LOW HITPOINT WARNING * * *
Duvessa hits you with a +0 short sword.
* * * LOW HITPOINT WARNING * * *
As you read the scroll labelled NIZUAM SOLENUR, it crumbles to dust.
It is a scroll of identify.
g - 5 scrolls of enchant armour The orc priest invokes the aid of Beogh against you.
Beogh smites you!
You die... ### .# ..# ... .## ... .. ..# .. .. ....... ..#....#.#.## ...... olo..

.# ..... #e#.##.##
#.#.##@#.....##
#......e......
##......#...#.
#......#.⌠.# ..
#....###...###.#.
##................
.....>...⌠..>..⌠...##
.....................
........###...###..#


You could see Duvessa, Dowan, an iguana, an orc priest and an orc.

Vanquished Creatures
  A necrophage (D:3)
  A scorpion (D:4)
  2 hounds
  An orc wizard (D:3)
  5 adders (D:3)
  3 worms (D:3)
  4 orcs
  6 bats
  6 endoplasms
  3 giant cockroaches
  12 goblins
  5 hobgoblins
  8 jackals
  6 kobolds
  4 quokkas
  11 ball pythons
  3 frilled lizards
  5 rats
86 creatures vanquished.

Vanquished Creatures (others)
  5 plants (D:2)
  9 withered plants (D:2)
14 creatures vanquished.

Grand Total: 100 creatures vanquished

Notes
Turn   | Place    | Note
-------+----------+-------------------------------------------
     0 | D:1      | wormed the Hill Orc Fighter began the quest for the Orb.
     0 | D:1      | Reached XP level 1. HP: 19/19 MP: 1/1
   132 | D:1      | Reached skill level 3 in Axes
   136 | D:1      | Reached XP level 2. HP: 27/27 MP: 2/2
   744 | D:1      | Reached XP level 3. HP: 33/33 MP: 3/3
  1306 | D:2      | Reached skill level 4 in Axes
  1363 | D:2      | Found a faded altar of an unknown god.
  1515 | D:2      | Reached XP level 4. HP: 39/40 MP: 4/4
  1995 | D:3      | Reached XP level 5. HP: 32/47 MP: 5/5
  2224 | D:3      | Found a burning altar of Makhleb.
  2308 | D:3      | HP: 2/47 [orc wizard/+0 dagger (2)]
  2311 | D:3      | Reached skill level 5 in Axes
  2735 | D:3      | Found an ancient bone altar of Kikubaaqudgha.
  2750 | D:3      | Reached XP level 6. HP: 49/53 MP: 6/6
  3104 | D:4      | Found a staircase to the Ecumenical Temple.
  3121 | Temple   | Entered the Ecumenical Temple
  3239 | Temple   | Became a worshipper of Warmaster Okawaru
  3257 | D:4      | Reached skill level 5 in Fighting
  3257 | D:4      | Reached skill level 6 in Axes
  3263 | D:4      | Noticed Duvessa
  3266 | D:4      | Noticed Dowan
  3274 | D:4      | Killed from afar by an orc priest

Illustrated notes

Levels and vault maps discovered:
D:1:      lightli_arrival_maybe_door_vault, layout_basic,
          nicolae_concentric_dashed_squares_mild, grunt_decor_clamped,
          hangedman_feature_mirror, amcnicky_mini_rare_corridor_liquid
D:2:      layout_basic, shapermc_ecumenical_altar_flowoftime
D:3:      minmay_evil_eye, layout_rooms, bloody_makhleb,
          kiku_gazebo_pond_becter, cheibrodos_sewer_entry_bend
D:4:      layout_loops_cross, mainiacjoe_overflow_brackets,
          beargit_hepliaklqana_dungeon_heroes, minmay_temple_entry_junction_2,
          uniq_natasha, uniq_blork_the_orc, uniq_duvessa
Temple:   nicolae_temple_ecumenical_triangle

Skill      XL: |  1  2  3  4  5  6 |
---------------+-------------------+-----
Axes           | 3 4 5 6 |  6.0
Fighting       | 4 5 |  5.0
Armour         | 4 |  4.6
Shields        | 4 |  4.5

Action                   |  1- 3 |  4- 6 || total
-------------------------+-------+-------++-------
Melee: War axe           |   142 |   174 ||   316
  Use: Scroll            |       |     1 ||     1
Armor: Scale mail        |    28 |       ||    28
       Chain mail        |    45 |   107 ||   152
Dodge: Dodged            |    63 |    69 ||   132
Block: Buckler           |    44 |    33 ||    77
